 Dungeon Crawl Stone Soup version 0.30-b1-2-g02819fbbbe (webtiles) character file.

Game seed: 6424524173509552520

9 Mesmaeker13 the Conjurer (level 1, -3/17 HPs)
             Began as a Demigod Reaver on July 15, 2023.
             Slain by a gnoll
             ... wielding a +0 club
              (8 damage)
             ... on level 1 of the Dungeon.
             The game lasted 00:00:30 (259 turns).

Mesmaeker13 the Conjurer (Demigod Reaver)            Turns: 259, Time: 00:00:31

Health: -3/17      AC:  3    Str: 13    XL:     1   Next: 93%
Magic:  5/5        EV: 11    Int: 15    God:
Gold:   59         SH:  0    Dex: 12    Spells: 2/3 levels left

rFire   . . .        a - +0 falchion
rCold   . . .        (no shield)
rNeg    . . .        b - +0 leather armour
rPois   .            (no helmet)
rElec   .            (no cloak)
rCorr   .            (no gloves)
SInv    .            (no boots)
Will    .....        (no amulet)
Stlth   +            (no ring)
HPRegen 0.22/turn    (no ring)
MPRegen 0.09/turn

%: no passive effects
@: no status effects
A: high MP 1, forlorn, divine attributes
a: no special abilities


You were on level 1 of the Dungeon.
You visited 1 branch of the dungeon, and saw 2 of its levels.

You collected 59 gold pieces.

Inventory:

Hand Weapons
 a - a +0 falchion (weapon)
Armour
 b - a +0 leather armour (worn)
Scrolls
 c - a scroll of teleportation {unknown}
 d - a scroll of torment {unknown}
 e - a scroll of identify {unknown}


   Skills:
 + Level 2.0 Fighting
 - Level 2.6 Long Blades
 + Level 1.9 Dodging
 + Level 1.9 Spellcasting
 + Level 2.8 Conjurations
 + Level 0.4 Necromancy


You had 2 spell levels left.
You knew the following spells:

 Your Spells              Type           Power      Damage    Failure   Level
a - Kiss of Death         Conj/Necr      24%        2d7       14%         1

Your spell library contained the following spells:

 Spells                   Type           Power      Damage    Failure   Level
 Momentum Strike          Conj/Tloc      10%        3d8       24%         2
 Hailstorm                Conj/Ice       5%         3d4       43%         3


Dungeon Overview and Level Annotations

Branches:
Dungeon (2/15)


Innate Abilities, Weirdness & Mutations

You have an increased reservoir of magic. (+10% MP)
You shall have no god before yourself.
Your divine heritage dramatically boosts your attributes as you level up.


Message History

You closely miss the goblin. The goblin hits you with a +0 dagger.
You hit the goblin but do no damage. The goblin hits you with a +0 dagger.
You barely miss the goblin. The goblin closely misses you.
You hit the goblin.
The goblin is moderately wounded.
The goblin hits you but does no damage.
You barely miss the goblin.
The goblin is moderately wounded.
The goblin misses you.
You barely miss the goblin.
The goblin is moderately wounded.
The goblin hits you but does no damage.
You hit the goblin.
You kill the goblin!
The endoplasm freezes you.
You are frozen.
You hit the endoplasm.
The endoplasm is severely wounded.
The endoplasm hits you but does no damage.
You barely miss the endoplasm.
The endoplasm is severely wounded.
The endoplasm closely misses you.
You hit the endoplasm.
You kill the endoplasm!
Your Fighting skill increases to level 2!
No target in view!
A gnoll comes into view. It is wielding a +0 club.
A gnoll is nearby!
You slash the gnoll!
The gnoll is heavily wounded.
The gnoll hits you with a +0 club.
You closely miss the gnoll.
The gnoll is heavily wounded.
The gnoll hits you with a +0 club!
* * * LOW HITPOINT WARNING * * *
The gnoll misses you.
You hit the gnoll.
The gnoll is severely wounded.
The gnoll hits you with a +0 club!
You die...

.# .. .# .# .# ) ....
###.##.... #...#
#.)....... #...#
#.####.#.# #...#
#@####.#.
#####...######g.......
................#.#.#.
..................#
.......†..............
####...#######.....##
#...# ##.### #...# ...
#...# .#..


You could see a gnoll.

Vanquished Creatures
  A dart slug (D:1)
  3 bats
  An endoplasm (D:1)
  A goblin (D:1)
  A kobold (D:1)
  A rat (D:1)
8 creatures vanquished.

Notes
Turn   | Place    | Note
-------+----------+-------------------------------------------
     0 | D:1      | Mesmaeker13 the Demigod Reaver began the quest for the Orb.
     0 | D:1      | Reached XP level 1. HP: 17/17 MP: 5/5
    40 | D:1      | You fall into a shaft and drop 1 floor!
   259 | D:1      | Slain by a gnoll

Illustrated notes

Levels and vault maps discovered:
D:1:      saegor_arrival_simple_b, layout_loops_cross, st_stairs_9,
          lemuel_flame_loot_1
D:2:      layout_rooms, minmay_misc_feat_tower

Skill      XL: |  1 |
---------------+----+-----
Fighting       | 2 |  2.0
Long Blades    | |  2.6
Dodging        | |  1.9
Spellcasting   | |  1.9
Conjurations   | |  2.8
Necromancy     | |  0.4

Action                     || total
---------------------------++-------
  Melee: Falchion          ||    28
 Armour: Leather armour    ||     8
  Dodge: Dodged            ||    13
